 Dungeon Crawl Stone Soup version 0.20-a0-959-gdc9e609 (webtiles) character file.

5567 kuniqs the Fighter (level 10, -27/90 HPs)
             Began as a Red Draconian Ice Elementalist on Apr 6, 2017.
             Was a High Priest of Okawaru.
             Killed from afar by an orc sorcerer (34 damage)
             ... with a bolt of fire
             ... on level 7 of the Dungeon.
             The game lasted 00:15:24 (7550 turns).

kuniqs the Fighter (Red Draconian Ice Elementalist) Turns: 7550, Time: 00:15:25

Health: -27/90     AC: 10    Str: 11    XL:     10   Next: 44%
Magic:  16/16      EV: 16    Int: 20    God:    Okawaru [*****.]
Gold:   316        SH:  5    Dex: 14    Spells: 9/13 levels left

rFire    . . .     SeeInvis .   q - +7 Screaming Sword
rCold    + . .     Gourm    .   v - +0 buckler
rNeg     . . .     Faith    .   (armour unavailable)
rPois    .         Spirit   .   (helmet restricted)
rElec    .         Reflect  .   D - +1 cloak of the Eight Boll Weevils {Int+4}
rCorr    .         Harm     .   w - +0 pair of gloves
MR       .....                  (no boots)
Stlth    ++........             i - amulet of magic regeneration
Regen    0.3/turn               p - ring of ice
MPRegen  0.3/turn               (no ring)

@: drained
A: breathe fire, unfitting armour, antennae 1, talons 1, fire resistance 1,
cold-blooded, subdued magic 1, MP-powered wands, AC +7
a: Breathe Fire, Heroism, Finesse, Renounce Religion


You were on level 7 of the Dungeon.
You worshipped Okawaru.
Okawaru was extremely pleased with you.
You were not hungry.

You visited 2 branches of the dungeon, and saw 8 of its levels.

You collected 406 gold pieces.
You spent 90 gold pieces at shops.

Inventory:

Hand Weapons
 g - a +0 spear of venom
 q - the +7 Screaming Sword (weapon)
   (You found it on level 4 of the Dungeon)
Armour
 v - a +0 buckler (worn)
 w - a +0 pair of gloves (worn)
 D - the +1 cloak of the Eight Boll Weevils (worn) {Int+4}
   (Okawaru gifted it to you on level 7 of the Dungeon)

   It affects your intelligence (+4).
Jewellery
 i - an amulet of magic regeneration (around neck)
 p - a ring of ice (left hand)
Wands
 x - a wand of iceblast (6/15)
 y - a wand of clouds (4/9)
 z - a wand of confusion (23/48)
 B - a wand of iceblast (5/15)
 C - a wand of digging (10/24)
Scrolls
 c - 2 scrolls of enchant armour
 j - 2 scrolls of amnesia
 k - 2 scrolls of identify {@r1}
 l - 5 scrolls of teleportation
 t - a scroll of random uselessness {unknown}
 u - a scroll of recharging
 F - a scroll of magic mapping {unknown}
Potions
 b - 2 potions of heal wounds
 h - a potion of mutation
 m - a potion of flight {unknown}
 n - 2 potions of brilliance
 o - 3 potions of curing {@q1}
 r - a potion of cancellation
 s - 2 potions of lignification
 E - a potion of resistance {unknown}
Books
 a - a book of Frost

   Spells                             Type                      Level
   a - Freeze                         Ice                          1
   b - Throw Frost                    Conjuration/Ice              2
   c - Ozocubu's Armour               Charms/Ice                   3
   d - Throw Icicle                   Conjuration/Ice              4
   e - Summon Ice Beast               Ice/Summoning                4
Comestibles
 d - 10 bread rations
 e - 8 meat rations
 f - 5 fruits
 A - 12 chunks of flesh


   Skills:
 + Level 8.4(7.9) Fighting
 + Level 6.3(5.7) Long Blades
 + Level 7.7(7.1) Dodging
 - Level 1.7(1.2) Stealth
 - Level 4.4(3.9) Shields
 - Level 2.0(1.5) Spellcasting
   Level 1.0(0.5) Conjurations
 - Level 2.4(1.9) Ice Magic
 - Level 8.0(7.4) Invocations


You had 9 spell levels left.
You knew the following spells:

 Your Spells              Type           Power        Failure   Level  Hunger
a - Freeze                Ice            ##..         8%          1    #......
b - Ozocubu's Armour      Chrm/Ice       #.......     34%         3    ###....


Dungeon Overview and Level Annotations

Branches:
Dungeon (7/15)             Temple (1/1) D:4

Altars:
Ashenzari
Cheibriados
Dithmenos
Kikubaaqudgha
Nemelex Xobeh
Okawaru
Ru
Trog
Wu Jian
Yredelemnul
Zin

Shops:
D:4 (

Annotations:
D:6 exclusion: worker ant


Innate Abilities, Weirdness & Mutations

You can breathe blasts of fire.
Your fiery red scales are hard. (AC +7)
You cannot fit into any form of body armour.
Your flesh is heat resistant. (rF+)
You are cold-blooded and may be slowed by cold attacks.
You have a pair of small antennae on your head.
You have sharp toenails.
Your spells are a little easier to cast, but a little less powerful.
You expend magic power (3 MP) to strengthen your wands.


Message History

You closely miss the orc. You block the orc's attack.
The orc sorcerer gestures wildly while chanting.
The orc hits you but does no damage.
You barely miss the orc. Your kick misses the orc.
The Screaming Sword laughs, "I always appreciate a bleeding ovation!"
The chaos spawn, the orc and the orc sorcerer are hurt by the noise.
The orc sorcerer mumbles some strange words.
The chaos spawn hits you! The chaos spawn shocks you!
The Screaming Sword yells, "Steel will triumph where flesh falters!"
The monsters around you reel from the noise!
The orc sorcerer casts a spell at you. The bolt of fire hits you!
* * * LOW HITPOINT WARNING * * *
The orc hits you but does no damage.
The chaos spawn hits you but does no damage.
The Screaming Sword happily shouts, "Violence is virtue, silence is sin."
The monsters around you reel from the noise!
The orc sorcerer points at you and mumbles some strange words.
The bolt of fire hits you!
You die...

#....≈≈#...#...............
#....≈≈#...################
#....≈≈###'# ..'.
#....≈≈≈.#.# ..###
#....≈≈≈.#.# ...'%#
#....≈≈≈.#.###'##
#....≈≈≈.#.o44..#
#.P..≈≈≈.#...o..#
#....≈≈≈.#@################
#....≈≈≈.#.#...........#...
#....≈≈≈.#.'...........'..)
#....≈≈###'#...........#...
#...P≈≈#...#############'')
#....≈≈#...#...............
#....≈≈#####≈≈≈≈≈≈≈≈≈≈≈≈...
#....≈≈≈≈≈≈≈≈≈≈≈≈≈≈≈≈≈≈≈...
#P...≈≈≈≈≈≈≈≈≈≈≈≈≈≈≈≈≈≈)...


You could see a hellwing, a chaos spawn, an orc sorcerer and an orc.

Vanquished Creatures
  An orc knight (D:7)
  A hippogriff (D:7)
  13 wargs (D:7)
  Duvessa (D:6)
  A water moccasin (D:7)
  5 orc warriors
  5 ogres
  2 centaurs (D:7)
  A big kobold (D:7)
  6 bullfrogs
  Dowan (D:6)
  8 scorpions
  2 howler monkeys
  3 wights (D:7)
  3 crimson imps
  A bullfrog zombie (D:6)
  7 hounds
  A jelly (D:5)
  A bullfrog skeleton (D:5)
  An orc priest (D:7)
  8 orc wizards
  Crazy Yiuf (D:5)
  2 iguanas (D:4)
  2 worker ants (D:4)
  2 killer bee zombies
  A worker ant zombie (D:6)
  7 gnolls
  7 adders
  An adder skeleton (D:6)
  A worm (D:3)
  5 dart slugs
  6 leopard geckos
  39 orcs
  11 bats
  3 giant cockroaches
  8 goblins
  6 hobgoblins
  25 jackals
  5 quokkas
  A ball python (D:4)
  4 frilled lizards
  A jackal skeleton (D:4)
  9 kobolds
  A quokka skeleton (D:6)
  8 rats
  2 fungi
230 creatures vanquished.

Vanquished Creatures (others)
  A plant (D:7)
1 creature vanquished.

Grand Total: 231 creatures vanquished

Notes
Turn   | Place    | Note
-------+----------+-------------------------------------------
     0 | D:1      | kuniqs the Draconian Ice Elementalist began the quest for the Orb.
     0 | D:1      | Reached XP level 1. HP: 14/14 MP: 3/3
   219 | D:1      | Reached skill level 1 in Fighting
   401 | D:1      | Reached XP level 2. HP: 21/23 MP: 3/5
   897 | D:1      | Reached XP level 3. HP: 19/29 MP: 6/6
  1877 | D:2      | Found an iron altar of Okawaru.
  1877 | D:2      | Found a basalt altar of Yredelemnul.
  1877 | D:2      | Found a snail-covered altar of Cheibriados.
  2141 | D:2      | Became a worshipper of Warmaster Okawaru
  2284 | D:3      | Reached XP level 4. HP: 34/37 MP: 7/7
  2334 | D:3      | Learned a level 3 spell: Ozocubu's Armour
  2460 | D:3      | Reached skill level 1 in Invocations
  2816 | D:3      | Found a faded altar of an unknown god.
  3016 | D:3      | Reached XP level 5. HP: 45/45 MP: 8/8
  3160 | D:4      | Found Zin's Purification Station.
  3162 | D:4      | Found a glowing silver altar of Zin.
  3166 | D:4      | Bought a potion of curing for 90 gold pieces
  3375 | D:4      | Reached * piety under Okawaru
  3375 | D:4      | Reached XP level 6. HP: 52/52 MP: 9/9
  3463 | D:4      | Your scales start taking on a fiery red colour.
  3463 | D:4      | Reached XP level 7. HP: 45/60 MP: 10/10
  3463 | D:4      | Gained mutation: Your flesh is heat resistant. (rF+) [Red Draconian growth]
  3543 | D:4      | Reached ** piety under Okawaru
  3553 | D:4      | Found a staircase to the Ecumenical Temple.
  3580 | Temple   | Entered the Ecumenical Temple
  3745 | D:4      | Found Cukh's Antique Weapon Emporium.
  3780 | D:4      | Found a sparkling altar of Nemelex Xobeh.
  3891 | D:4      | Reached skill level 5 in Fighting
  3891 | D:4      | Reached skill level 1 in Long Blades
  4117 | D:4      | Found a sacrificial altar of Ru.
  4315 | D:5      | Entered Level 5 of the Dungeon
  4434 | D:5      | Reached skill level 5 in Dodging
  4434 | D:5      | Reached skill level 5 in Invocations
  4434 | D:5      | Reached XP level 8. HP: 67/69 MP: 11/11
  4644 | D:5      | Reached *** piety under Okawaru
  4656 | D:5      | Found an ornate altar of the Wu Jian Council.
  4662 | D:5      | Found an ancient bone altar of Kikubaaqudgha.
  4796 | D:5      | Reached skill level 1 in Shields
  5004 | D:5      | Found a runed door.
  5008 | D:5      | Noticed Crazy Yiuf
  5012 | D:5      | Killed Crazy Yiuf
  5321 | D:6      | Found a shadowy altar of Dithmenos.
  5442 | D:6      | Noticed Duvessa
  5442 | D:6      | Noticed Dowan
  5459 | D:6      | Killed Duvessa
  5469 | D:6      | Killed Dowan
  5478 | D:6      | Reached **** piety under Okawaru
  5480 | D:6      | Reached XP level 9. HP: 59/78 MP: 13/13
  5804 | D:7      | Found a bloodstained altar of Trog.
  5902 | D:7      | Found a shattered altar of Ashenzari.
  6381 | D:7      | Gained mutation: You expend magic power (3 MP) to strengthen your wands. [potion of mutation]
  6381 | D:7      | Gained mutation: Your spells are a little easier to cast, but a little less powerful. [potion of mutation]
  6381 | D:7      | Gained mutation: You have sharp toenails. [potion of mutation]
  6381 | D:7      | Gained mutation: You have a pair of small antennae on your head. [potion of mutation]
  6566 | D:7      | Noticed an orc knight
  6586 | D:7      | Killed an orc knight
  6586 | D:7      | Reached ***** piety under Okawaru
  6586 | D:7      | Reached skill level 5 in Long Blades
  6934 | D:7      | Received a gift from Okawaru
  6934 | D:7      | Reached XP level 10. HP: 76/86 MP: 15/15
  6937 | D:7      | Got a twisted cloak {god gift}
  6948 | D:7      | Identified the +1 cloak of the Eight Boll Weevils {Int+4} (Okawaru gifted it to you on level 7 of the Dungeon)
  6948 | D:7      | yey
  7544 | D:7      | Noticed an orc sorcerer
  7550 | D:7      | Killed from afar by an orc sorcerer

Vault maps used:
D:1:      dpeg_arrival_pits
D:2:      gammafunk_temple_overflow_forgotten, first_bread
D:3:      chequers_ecumenical_altar_simple, minmay_vboxes
D:4:      old_forge, lemuel_round_altar, nemelex_xobeh_ov_fountains_minmay,
          zin_purify, temple_fountains, serial_shops,
          nicolae_shop_competitors_out_of_business
D:5:      lemuel_doored_altar, kennysheep_mini_moat, uniq_crazy_yiuf_cottage
D:6:      lemuel_crystal_altar, due_unseen_surprise, uniq_duvessa
D:7:      lemuel_castle_with_subvaults, ashenzari_altar_1, marbit_many_paths
Temple:   kb_corrupted_temple

Skill      XL: |  1  2  3  4  5  6  7  8  9 10 |
---------------+-------------------------------+-----
Dodging        | 2 3 4 5 6 7 |  7.7
Fighting       | 1 2 3 4 5 6 7 8 |  8.4
Invocations    | 2 3 5 6 7 8 |  8.0
Ice Magic      | 2 |  2.4
Long Blades    | 2 4 5 6 |  6.3
Shields        | 2 4 |  4.4
Stealth        | |  1.7
Spellcasting   | |  2.0
Conjurations   | |  1.0

Action                   |  1- 3 |  4- 6 |  7- 9 | 10-12 || total
-------------------------+-------+-------+-------+-------++-------
Melee: Unarmed           |    20 |       |       |       ||    20
       Tailslap          |     5 |    15 |    27 |     5 ||    52
       Spear             |    98 |   182 |       |       ||   280
       Dagger            |     3 |       |       |       ||     3
       Scimitar          |       |     6 |       |       ||     6
       Double sword      |       |       |   249 |    62 ||   311
       Kick              |       |       |    18 |    15 ||    33
 Cast: Freeze            |    14 |     6 |     3 |       ||    23
       Ozocubu's Armour  |       |     2 |     2 |     1 ||     5
 Abil: Breathe Fire      |       |       |    14 |     5 ||    19
  Use: Scroll            |       |     5 |     4 |       ||     9
       Potion            |       |       |     3 |       ||     3
 Stab: Sleeping          |     9 |     1 |     8 |     1 ||    19
       Distracted        |       |       |       |     2 ||     2
  Eat: Chunk             |     5 |     4 |    15 |     3 ||    27
Armor: Skin              |    37 |    67 |    73 |    17 ||   194
Dodge: Dodged            |    79 |   157 |   187 |    52 ||   475
Block: Buckler           |       |       |    48 |    13 ||    61
       Rpst.: Scimitar   |       |     3 |       |       ||     3
       Double sword      |       |       |    59 |    21 ||    80
